Map: 데스오라 - 래더

Players

DPGZest (Zest)

  • Race: Protoss Protoss
  • Spawn Location: 11:00

GunGFuBanDa - Winner!

  • Race: Protoss Protoss
  • Spawn Location: 5:00

Event: StayAtHome Story Cup #3

VOD

Have the link to the VOD?

Description

Time

  • Played on: March 11, 2021, 7:56 a.m.
  • Length: 14:46

All games in this series

Show
View Real Time Build Order
Export as new Build Order

DPGZest Protoss 

Build Orders:  

Get SALT Encoding   

  12  0:00  Probe  
  13  0:12  Probe  
  14  0:17  Pylon  
  14  0:24  Probe  
  15  0:35  Forge  
  15  0:38  Probe  
  16  1:00  Pylon  
  16  1:03  Pylon  
  16  1:06  Pylon  
  16  1:18  Photon Cannon  
  16  1:19  Photon Cannon  
  16  1:32  Probe (Chrono Boost)  
  17  1:42  Probe (Chrono Boost)  
  18  1:47  Probe (Chrono Boost)  
  19  2:04  Nexus  
  19  2:09  Gateway  
  19  2:10  Probe  
  19  2:14  Assimilator  
  20  2:19  Assimilator  
  20  2:22  Probe (Chrono Boost)  
  21  2:32  Probe (Chrono Boost)  
  22  2:37  Probe (Chrono Boost)  
  22  2:49  Probe (Chrono Boost)  
  23  2:57  Cybernetics Core  
  23  3:01  Probe (Chrono Boost)  
  24  3:07  Probe (Chrono Boost)  
  25  3:15  Probe  
  26  3:20  Probe  
  26  3:23  Pylon  
  27  3:27  Probe  
  27  3:32  Probe, Stalker (Chrono Boost)  
  29  3:34  Warp Gate  
  29  3:39  Probe  
  32  3:41  Stargate  
  32  3:44  Probe  
  32  3:50  Photon Cannon  
  32  3:51  Shield Battery  
  32  3:56  Stalker  
  32  4:00  Probe  
  32  4:01  Probe  
  36  4:07  Shield Battery  
  36  4:12  Probe (Chrono Boost)  
  36  4:13  Probe (Chrono Boost)  
  38  4:21  Pylon  
  38  4:22  Oracle (Chrono Boost)  
  38  4:24  Probe x2 (Chrono Boost)  
  40  4:29  Probe (Chrono Boost)  
  40  4:30  Probe (Chrono Boost)  
  45  4:39  Probe  
  45  4:40  Probe  
  45  4:43  Gateway  
  45  4:44  Gateway  
  47  4:52  Probe x2  
  49  4:56  Twilight Council  
  49  4:57  Phoenix  
  51  5:02  Assimilator  
  51  5:03  Assimilator  
  51  5:13  Pylon  
  51  5:15  Probe x2  
  53  5:27  Blink (Chrono Boost)  
  53  5:29  Probe  
  51  5:45  Stalker x3  
  57  5:54  Probe  
  57  5:55  Probe, Protoss Ground Weapons Level 1 (Chrono Boost)  
  57  5:56  Pylon  
  59  5:57  Pylon  
  59  6:07  Nexus  
  59  6:10  Pylon  
  59  6:13  Stalker  
  59  6:14  Stalker x2  
  65  6:18  Pylon  
  65  6:21  Probe x2  
  67  6:34  Probe x2  
  67  6:37  Stalker x3  
  75  6:43  Robotics Facility  
  75  6:46  Probe x2  
  77  6:48  Shield Battery  
  77  6:58  Probe x2  
  79  7:03  Sentry x3  
  79  7:08  Pylon  
  85  7:10  Probe x2  
  87  7:16  Phoenix  
  87  7:19  Gateway x2  
  87  7:20  Gateway  
  87  7:21  Probe  
  87  7:22  Probe  
  89  7:23  Charge  
  89  7:30  Pylon  
  89  7:31  Probe  
  89  7:32  Observer  
  89  7:33  Probe  
  89  7:35  Stalker  
  89  7:36  Stalker x2  
  98  7:39  Photon Cannon  
  98  7:42  Phoenix  
  98  7:46  Probe x3  
  98  7:48  Protoss Ground Weapons Level 2 (Chrono Boost)  
  98  7:49  Assimilator  
  98  7:51  Assimilator  
  105  7:58  Immortal (Chrono Boost)  
  105  8:05  Nexus  
  105  8:17  Templar Archives  
  105  8:19  Gateway x2  
  105  8:26  Probe x3  
  106  8:34  Gateway, Warp Prism (Chrono Boost)  
  106  8:36  Gateway  
  108  8:41  Pylon  
  108  8:50  Gateway  
  108  8:53  Gateway  
  108  8:54  Pylon  
  108  8:55  High Templar x4, Zealot x2  
  116  8:58  Archon  
  116  8:59  Archon  
  120  9:07  Pylon  
  120  9:11  Pylon  
  120  9:16  Probe x3  
  123  9:17  Probe  
  123  9:20  High Templar x2  
  123  9:21  Zealot x2  
  132  9:24  Archon  
  132  9:27  Zealot x4  
  132  9:30  Zealot x2  
  133  9:46  Observer (Chrono Boost)  
  113  10:04  Protoss Ground Weapons Level 3 (Chrono Boost)  
  113  10:07  Zealot x11  
  103  10:26  Observer (Chrono Boost)  
  100  10:31  High Templar  
  100  10:32  High Templar x5, Zealot x6  
  124  10:36  Archon x2  
  124  10:37  Archon  
  124  10:39  Warp Prism (Chrono Boost)  
  124  10:41  Probe  
  124  10:42  Probe x2  
  129  10:53  High Templar x2, Zealot x3  
  129  10:54  Zealot  
  129  10:56  Nexus  
  141  10:58  Archon  
  141  11:04  High Templar x2  
  141  11:05  Zealot x4  
  141  11:09  Archon  
  153  11:14  Zealot x2  
  157  11:20  Pylon  
  157  11:22  Pylon  
  157  11:30  Pylon  
  157  11:38  Observer  
  158  11:44  Pylon  
  158  11:45  Pylon  
  158  11:49  Phoenix (Chrono Boost), Nexus  
  158  12:03  Stalker x4  
  158  12:04  Stalker x6  
  158  12:05  Phoenix (Chrono Boost)  
  180  12:27  Phoenix (Chrono Boost)  
  169  12:32  High Templar x2  
  169  12:33  Zealot x7  
  176  12:37  Archon  
  135  13:08  Zealot x7  
  135  13:09  Observer  
  100  13:32  High Templar  
  100  13:33  High Templar x3  
  98  13:37  Archon x2  
  75  13:59  Zealot, Pylon  
Show
View Real Time Build Order
Export as new Build Order

GunGFuBanDa Protoss - Winner!

Build Orders: Oracle Opening 

Get SALT Encoding   

  12  0:00  Probe  
  13  0:12  Probe  
  14  0:17  Pylon  
  14  0:24  Probe (Chrono Boost)  
  16  0:37  Probe (Chrono Boost), Gateway  
  16  0:42  Probe (Chrono Boost)  
  16  0:46  Assimilator  
  17  0:51  Probe  
  17  0:54  Assimilator  
  18  1:11  Gateway  
  18  1:13  Forge  
  18  1:20  Probe  
  19  1:30  Cybernetics Core  
  19  1:34  Pylon  
  19  1:48  Photon Cannon  
  19  2:00  Photon Cannon  
  19  2:06  Warp Gate  
  19  2:08  Stalker (Chrono Boost)  
  20  2:14  Probe  
  22  2:26  Probe  
  23  2:35  Assimilator  
  23  2:38  Probe  
  26  2:50  Probe  
  27  2:57  Stargate  
  25  3:07  Probe  
  25  3:11  Stalker  
  28  3:13  Pylon  
  28  3:21  Probe  
  29  3:39  Gateway  
  30  3:41  Gateway  
  30  3:46  Oracle (Chrono Boost)  
  30  3:55  Nexus  
  32  4:01  Stalker  
  34  4:03  Probe  
  35  4:11  Pylon  
  35  4:14  Oracle (Chrono Boost)  
  35  4:21  Probe  
  39  4:33  Probe  
  39  4:35  Shield Battery  
  39  4:37  Sentry  
  42  4:45  Probe  
  43  4:52  Twilight Council  
  43  4:58  Probe (Chrono Boost)  
  44  5:08  Probe (Chrono Boost)  
  44  5:13  Forge  
  46  5:15  Probe (Chrono Boost)  
  46  5:17  Probe (Chrono Boost)  
  46  5:21  Probe (Chrono Boost)  
  46  5:22  Probe  
  46  5:23  Stalker  
  50  5:31  Blink (Chrono Boost)  
  50  5:33  Probe  
  50  5:35  Probe  
  52  5:45  Probe  
  52  5:47  Probe, Protoss Ground Weapons Level 1 (Chrono Boost)  
  54  5:51  Assimilator  
  54  5:55  Pylon  
  54  5:57  Probe  
  54  5:58  Gateway  
  54  5:59  Probe  
  56  6:09  Probe  
  56  6:11  Probe  
  58  6:15  Pylon  
  58  6:18  Stalker x3  
  64  6:24  Probe x2  
  66  6:31  Nexus  
  66  6:36  Dark Shrine  
  66  6:40  Pylon  
  66  6:49  Probe  
  66  6:50  Probe  
  68  6:56  Stalker  
  68  6:57  Stalker x2  
  68  6:58  Stalker  
  76  7:01  Probe  
  76  7:03  Shield Battery  
  76  7:06  Probe  
  78  7:13  Probe  
  79  7:19  Probe  
  80  7:24  Charge  
  80  7:25  Probe  
  80  7:26  Pylon  
  80  7:27  Pylon  
  81  7:31  Probe (Chrono Boost)  
  81  7:33  Pylon  
  82  7:42  Probe (Chrono Boost)  
  82  7:43  Probe (Chrono Boost)  
  85  7:49  Probe (Chrono Boost), Dark Templar x2  
  85  7:50  Probe (Chrono Boost)  
  91  7:52  Probe (Chrono Boost)  
  91  7:56  Probe  
  91  7:57  Probe  
  92  8:00  Gateway x2  
  92  8:02  Probe, Gateway  
  92  8:04  Protoss Ground Weapons Level 2 (Chrono Boost)  
  94  8:08  Probe  
  94  8:09  Probe  
  96  8:14  Probe  
  96  8:17  Assimilator x2  
  97  8:20  Probe  
  97  8:25  Probe  
  93  8:27  Probe  
  93  8:32  Robotics Facility  
  94  8:35  Assimilator  
  94  8:41  Pylon  
  94  8:47  Photon Cannon, Stalker x4  
  102  9:00  Shield Battery  
  102  9:02  Photon Cannon  
  102  9:04  Gateway, Pylon  
  102  9:06  Gateway  
  102  9:14  Dark Templar x3  
  108  9:18  Zealot x3  
  108  9:21  Robotics Bay  
  114  9:26  Observer (Chrono Boost)  
  114  9:27  Gateway  
  114  9:28  Stalker  
  117  9:37  Pylon  
  117  9:43  Dark Templar x2  
  114  10:01  Protoss Ground Weapons Level 3 (Chrono Boost)  
  114  10:02  Zealot x6  
  122  10:09  Probe, Disruptor (Chrono Boost)  
  122  10:10  Probe  
  109  10:26  Shadow Stride (Chrono Boost)  
  111  10:29  Zealot x3  
  111  10:30  Zealot x5  
  111  10:34  Nexus  
  127  10:36  Pylon  
  127  10:39  Archon  
  125  10:43  Disruptor (Chrono Boost)  
  128  10:51  Sentry  
  128  10:55  Shield Battery  
  128  10:56  Photon Cannon  
  130  10:57  Probe x2  
  130  10:58  Pylon  
  130  11:02  Photon Cannon  
  132  11:07  Stalker x6  
  144  11:11  Probe x2  
  144  11:12  Disruptor (Chrono Boost)  
  149  11:24  Probe  
  147  11:40  Stalker x5  
  147  11:45  Disruptor (Chrono Boost)  
  160  11:55  Zealot x3  
  160  11:57  Probe  
  160  12:00  Gateway  
  167  12:01  Gateway  
  167  12:05  Pylon  
  167  12:06  Templar Archives  
  167  12:14  Warp Prism  
  169  12:21  Stalker  
  171  12:23  Pylon  
  171  12:24  Pylon  
  171  12:25  Pylon  
  169  12:40  Zealot x5  
  173  12:52  Disruptor (Chrono Boost)  
  162  13:00  Zealot x9  
  111  13:12  Probe  
  111  13:13  Probe  
  93  13:23  Dark Templar x3  
  93  13:24  Dark Templar x2  
  96  13:29  Probe  
  96  13:30  Probe  
  96  13:33  Pylon  
  98  13:47  Probe x2, Archon  
  98  13:48  Archon, Dark Templar  
  100  13:49  Stalker  
  100  13:52  Probe  
  97  13:56  Gateway  
  97  13:58  Gateway  
  97  14:02  High Templar x4, Zealot  
  107  14:06  Photon Cannon, Archon x2  
  107  14:07  Archon  
  107  14:08  Shield Battery  
  114  14:17  Probe x4, Shield Battery  
  111  14:37  Zealot x7  
Tags
 
Add a new tag
Caveats
  • Supply blocks, unpowered buildings, or Contaminate may cause inaccurate times.
  • Supply counts are checked every 10 seconds.